 Dungeon Crawl Stone Soup version 0.27-a0-1555-g0e7b3fb1d2 (webtiles) character file.

Game seed: 10917663056842841447

401 Sin92 the Skirmisher (level 6, -1/49 HPs)
             Began as a Demonspawn Fighter on July 14, 2021.
             Slain by Pikel (4 damage)
             ... on level 5 of the Dungeon.
             The game lasted 00:04:07 (4524 turns).

Sin92 the Skirmisher (Demonspawn Fighter)           Turns: 4524, Time: 00:04:08

Health: -1/49      AC:  9    Str: 18    XL:     6   Next: 54%
Magic:  6/6        EV:  8    Int:  9    God:
Gold:   190        SH: 10    Dex: 13    Spells: 5/5 levels left

rFire    . . .     SeeInvis .   f - +4 hand axe (vamp)
rCold    + . .     Faith    .   c - +1 kite shield
rNeg     . . .     Spirit   .   b - +0 scale mail
rPois    +         Reflect  .   (no helmet)
rElec    .         Harm     .   (no cloak)
rCorr    .         Rampage  .   k - +0 pair of gloves
Will     .....                  (no boots)
Stlth    ..........             (no amulet)
HPRegen  0.16/turn              h - ring of protection from cold
MPRegen  0.10/turn              m - ring of poison resistance

@: mighty
A: rugged brown scales 1, spiny 1, demonic magic 1
a: no special abilities


You were on level 5 of the Dungeon.
You visited 1 branch of the dungeon, and saw 5 of its levels.

You collected 190 gold pieces.

Inventory:

Hand Weapons
 a - a +0 long sword
 f - a +4 vampiric hand axe (weapon)
Missiles
 j - 6 atropa-tipped darts (quivered)
Armour
 b - a +0 scale mail (worn)
 c - a +1 kite shield (worn)
 k - a +0 pair of gloves (worn)
Jewellery
 h - a ring of protection from cold (left hand)
 m - a ring of poison resistance (right hand)
Scrolls
 g - a scroll of identify
 o - a scroll of fog
Potions
 d - a potion of might
 i - a potion of flight


   Skills:
 + Level 4.2 Fighting
 - Level 2.0 Long Blades
 + Level 2.2 Axes
 + Level 3.8 Armour
 + Level 2.4 Dodging
 + Level 3.8 Shields


You had 5 spell levels left.
You didn't know any spells.
Your spell library was empty.

Dungeon Overview and Level Annotations

Branches:
Dungeon (5/15)
 Temple: D:4-7

Altars:
Dithmenos
Gozag
Vehumet

Annotations:
D:5 Pikel


Innate Abilities, Weirdness & Mutations

You are partially covered in rugged brown scales. (AC +1, +3% HP)
You are partially covered in sharp spines.
Spells you cast may paralyse adjacent enemies.


Message History

The lemure is heavily wounded.
You hit the lemure. You hit the lemure but do no damage. You barely miss Pikel.
You block the lemure's attack. The lemure hits you. You block Pikel's attack.
You block the lemure's attack. The lemure is struck by your spines.
The lemure barely misses you. The lemure is struck by your spines.
The lemure hits you.
You are too injured to fight recklessly!
Unknown command.
You are too injured to fight recklessly!
Unknown command.
You are too injured to fight recklessly!
Unknown command.
You feel very mighty all of a sudden.
Pikel hits you with a +1 whip of freezing.
You block the lemure's attack. The lemure barely misses you.
The lemure hits you.
* * * LOW HITPOINT WARNING * * *
You barely miss Pikel.
Pikel is lightly wounded.
You slash the lemure! You barely miss the lemure. You closely miss the lemure.
You block Pikel's attack. You block the lemure's attack. The lemure hits you.
* * * LOW HITPOINT WARNING * * *
The lemure is struck by your spines. The lemure hits you but does no damage.
Pikel says, "You'll rot in Tartarus!"
Pikel barely misses you. The lemure is struck by your spines.
The lemure hits you.
* * * LOW HITPOINT WARNING * * *
You barely miss Pikel.
Pikel is lightly wounded.
You barely miss the lemure. You hit the lemure. You closely miss the lemure.
The lemure hits you but does no damage. x2
Pikel hits you with a +1 whip of freezing.
* * * LOW HITPOINT WARNING * * *
The lemure is struck by your spines.
The lemure hits you but does no damage. x2
You closely miss Pikel.
Pikel is lightly wounded.
You slash the lemure! x2; You hit the lemure.
The lemure hits you but does no damage.
Pikel hits you with a +1 whip of freezing.
You die...

##..#.......#
##...#..<....#
###...#...)....## . .
#..#............#..
.######................#
....#..................#
........................
...........##.#..5.....#
.##[##.....##.#5@.......
##...##........5K.......
#.....#.................
#.....#.................
#.....#<).......#.......
##...##.........##.....#
#.....#.......... #....#
#.....#...#..... ..###
#.....#...###...


You could see Pikel and 3 lemures.

Vanquished Creatures
  A black bear (D:4)
  A lemure (D:5)
  A wyvern zombie (D:5)
  A water moccasin zombie (D:5)
  A centaur zombie (D:5)
  A bullfrog skeleton (D:4)
  2 hound skeletons
  3 adders
  An ufetubus (D:4)
  2 adder skeletons (D:4)
  2 worms
  A dart slug (D:3)
  3 orcs
  3 ball pythons
  4 bats
  9 endoplasms
  A giant cockroach (D:3)
  6 goblins
  3 hobgoblins
  8 kobolds
  6 quokkas
  2 frilled lizards
  3 rats (D:3)
65 creatures vanquished.

Notes
Turn   | Place    | Note
-------+----------+-------------------------------------------
     0 | D:1      | Sin92 the Demonspawn Fighter began the quest for the Orb.
     0 | D:1      | Reached XP level 1. HP: 18/18 MP: 1/1
   292 | D:1      | Gained mutation: You are partially covered in rugged brown
                  | scales. (AC +1, +3% HP) [demonic ancestry]
   292 | D:1      | Reached XP level 2. HP: 18/24 MP: 2/2
  1312 | D:2      | Found a faded altar of an unknown god.
  2264 | D:3      | Reached XP level 3. HP: 29/29 MP: 3/3
  2345 | D:3      | Reached skill level 1 in Dodging
  2397 | D:3      | Found a radiant altar of Vehumet.
  2893 | D:3      | Gained mutation: Spells you cast may paralyse adjacent
                  | enemies. [demonic ancestry]
  2893 | D:3      | Reached XP level 4. HP: 36/36 MP: 4/4
  2898 | D:3      | Reached skill level 1 in Axes
  3681 | D:4      | Found an opulent altar of Gozag.
  3806 | D:4      | Noticed a black bear
  3819 | D:4      | Killed a black bear
  3820 | D:4      | Gained mutation: You are partially covered in sharp spines.
                  | [demonic ancestry]
  3820 | D:4      | Reached XP level 5. HP: 38/43 MP: 5/5
  4296 | D:5      | Entered Level 5 of the Dungeon
  4310 | D:5      | Reached skill level 4 in Fighting
  4310 | D:5      | Reached XP level 6. HP: 9/49 MP: 6/6
  4343 | D:5      | Found a shadowy altar of Dithmenos.
  4510 | D:5      | Noticed Pikel
  4524 | D:5      | Slain by Pikel

Illustrated notes

Levels and vault maps discovered:
D:1:      nzn_arrival_crosshair, layout_basic, hangedman_glass_teeth
D:2:      layout_basic, basic_ecumenical_altar, st_stairs_10,
          kennysheep_decorative_pillar, amcnicky_mini_pool_small
D:3:      layout_rooms, lemuel_round_altar, serial_glass, glass_columns_a,
          glass_columns_b, glass_columns_a, glass_columns_c, glass_columns_a,
          glass_columns_a, due_unseen_surprise, feat_on_display, chequers_avenue
D:4:      layout_cave_pods, mainiacjoe_overflow_alcove_2
D:5:      layout_cave_pools, lemuel_blue_sif_altar, marbit_many_paths,
          uniq_grinder, uniq_pikel, uniq_menkaure

Skill      XL: |  1  2  3  4  5 |
---------------+----------------+-----
Long Blades    | 2 |  2.0
Armour         | 3 |  3.8
Dodging        | 1 2 |  2.4
Shields        | 3 |  3.8
Axes           | 1 2 |  2.2
Fighting       | 4 |  4.2

Action                   |  1- 3 |  4- 6 || total
-------------------------+-------+-------++-------
Melee: Long sword        |    25 |       ||    25
       Hand axe          |   105 |   109 ||   214
  Use: Scroll            |     7 |     3 ||    10
       Potion            |       |     3 ||     3
Armor: Scale mail        |    64 |    79 ||   143
Dodge: Dodged            |    44 |    42 ||    86
Block: Kite shield       |    80 |    76 ||   156
       Rpst.: Long sword |     6 |       ||     6

Table legend: (Time is in decaauts)
 A = Elapsed time spent in this place.
 B = Non-inter-level travel time spent in this place.
 C = Inter-level travel time spent in this place.
 D = Time resting spent in this place.
 E = Time spent auto-exploring this place.
 F = Levels seen in this place.
 G = Mean time per level.
                   A        B        C        D        E       F      G
               +--------+--------+--------+--------+--------+-----+--------+
         Total |   4620 |   4491 |    129 |    405 |   3413 |   5 |  924.0 |
       Dungeon |   4620 |   4491 |    129 |    405 |   3413 |   5 |  924.0 |
               +--------+--------+--------+--------+--------+-----+--------+

Top non-repeatable levels by time:
     D:1: 1295 daAuts
     D:4: 1217 daAuts
     D:2: 949 daAuts
     D:3: 938 daAuts
     D:5: 219 daAuts
